 Dungeon Crawl Stone Soup version 0.20-a0-650-gd54866b (webtiles) character file.

4167 Aksej the Covert (level 10, -6/69 HPs)
             Began as an Octopode Assassin on Feb 16, 2017.
             Was a Believer of Uskayaw.
             Mangled by a troll (14 damage)
             ... on level 8 of the Dungeon.
             The game lasted 00:18:00 (7029 turns).

Aksej the Covert (Octopode Assassin)                Turns: 7029, Time: 00:18:01

Health: -6/69      AC:  1    Str: 14    XL:     10   Next: 28%
Magic:  10/10      EV: 20    Int: 15    God:    Uskayaw [**....]
Gold:   388        SH:  0    Dex: 16    Spells: 9/9 levels left

rFire    + . .     SeeInvis +   a - +3 dagger
rCold    . . .     Gourm    .   (no shield)
rNeg     . . .     Faith    .   (helmet restricted)
rPois    .         Spirit   .   (no amulet)
rElec    .         Reflect  .   e - +3 ring of evasion
rCorr    .         Harm     .   g - ring of protection from magic (curse)
MR       +....                  l - ring of protection from fire
Stlth    ++++++++..             z - ring of stealth
Regen    0.3/turn               t - +4 ring of strength
MPRegen  0.2/turn               (no ring)
                                (no ring)
                                (no ring)

@: no status effects
A: almost no armour, stealthy swim, amphibious, 8 rings, constrict 8, camouflage
1, see invisible, gelatinous body 1, no potion heal 1, MP-powered wands
a: Stomp, Line Pass, Renounce Religion


You were on level 8 of the Dungeon.
You worshipped Uskayaw.
Uskayaw was noncommittal.
You were very hungry.

You visited 2 branches of the dungeon, and saw 10 of its levels.
You also visited: Sewer.

You collected 476 gold pieces.
You spent 88 gold pieces at shops.

Inventory:

Hand Weapons
 a - a +3 dagger (weapon)
 b - a +0 blowgun
Missiles
 c - 50 poisoned needles
 d - 2 curare-tipped needles
 u - 4 tomahawks of returning (quivered)
Jewellery
 e - a +3 ring of evasion (left tentacle)
 g - a cursed ring of protection from magic (right tentacle)
 l - a ring of protection from fire (on tentacle)
 t - a +4 ring of strength (on tentacle)
 z - a ring of stealth (on tentacle)
Wands
 j - a wand of lightning (3/15)
 B - a wand of flame (12/48)
Scrolls
 p - 4 scrolls of fog
 q - 2 scrolls of fear
 w - 2 scrolls of teleportation
 x - 3 scrolls of magic mapping
 y - a scroll of remove curse
 A - 2 scrolls of identify
Potions
 k - a potion of flight
 m - a potion of brilliance
 n - 6 potions of might
 r - 2 potions of ambrosia
 s - a potion of agility
 E - a potion of lignification
Books
 o - a book of Conjurations

   Spells                             Type                      Level
   a - Magic Dart                     Conjuration                  1
   b - Searing Ray                    Conjuration                  2
   c - Dazzling Spray                 Conjuration/Hexes            3
   d - Fulminant Prism                Conjuration/Hexes            4
   e - Force Lance                    Conjuration/Translocation    4
   f - Iskenderun's Mystic Blast      Conjuration                  4
 C - a book of Flames

   Spells                             Type                      Level
   a - Flame Tongue                   Conjuration/Fire             1
   b - Throw Flame                    Conjuration/Fire             2
   c - Conjure Flame                  Conjuration/Fire             3
   d - Inner Flame                    Hexes/Fire                   3
   e - Sticky Flame                   Conjuration/Fire             4
   f - Fireball                       Conjuration/Fire             5
Comestibles
 f - 6 bread rations
 h - 4 meat rations
 i - 3 royal jellies


   Skills:
 + Level 6.4 Fighting
 * Level 9.6 Short Blades
 + Level 2.0 Throwing
 + Level 6.5 Dodging
 + Level 14.4 Stealth


You had 9 spell levels left.
You didn't know any spells.

Dungeon Overview and Level Annotations

Branches:
Dungeon (9/15)             Temple (1/1) D:4            Lair (0/6) D:8
    Orc: D:9-12

Altars:
Ashenzari
Cheibriados
Dithmenos
Elyvilon
Fedhas
Gozag
Hepliaklqana
Kikubaaqudgha
Makhleb
Nemelex Xobeh
Okawaru
Qazlal
Ru
Sif Muna
Trog
Uskayaw
Vehumet
Xom
Yredelemnul
Zin
The Shining One

Shops:
D:7 }   D:8 !


Innate Abilities, Weirdness & Mutations

You cannot wear most types of armour.
You are very stealthy in the water. (Stealth+)
You are amphibious.
You can wear up to eight rings at the same time.
You can use your tentacles to constrict eight enemies at once.
Your skin changes colour to match your surroundings (Stealth+).
Your rubbery body absorbs attacks. (AC +1, EV +1)
You have supernaturally acute eyesight. (SInv)
Potions are less effective at restoring your health.
You expend magic power (3 MP) to strengthen your wands.


Message History

You constrict the hound.
You kill the hound!
Your system partially rejects the healing.
You feel better.
Your system partially rejects the healing.
You feel better. The troll bites you.
* * * LOW HITPOINT WARNING * * *
The troll barely misses you. x2
You hit the troll.
The troll is lightly wounded.
The troll bites you!
* * * LOW HITPOINT WARNING * * *
The troll completely misses you. The troll closely misses you.
You can now pass through a line of other dancers.
You barely miss the troll.
The troll is lightly wounded.
You hit the troll but do no damage.
The troll is lightly wounded.
The troll misses you. The troll completely misses you. The troll claws you!
You die...

.#..................#
.#..................#
##..................#
....................#
....................#
........)...........#
...........T........#########
..#############T............#
..# #.@...........# ..#
#.............# ..#
#.............# ###
##############........##### #
#........#...#........#.... #
#........#...#######'##.... #
#.(.∩....#...........'..... #
#........'...........#..... #
##........#...##......#.....


You could see a troll.

Vanquished Creatures
  A two-headed ogre (D:8)
  A cyclops (D:8)
  Joseph (D:7)
  Duvessa (D:6)
  An orc warrior (D:6)
  4 sky beasts
  2 ogres
  3 wolves (D:9)
  A centaur (D:5)
  3 bullfrogs
  Dowan (D:6)
  A scorpion (D:6)
  5 killer bees (D:8)
  An electric eel (D:8)
  2 crimson imps
  A centaur zombie (D:8)
  A quasit (D:6)
  2 orc priests
  4 hounds
  5 orc wizards
  A bullfrog skeleton (D:4)
  A centaur skeleton (D:6)
  Terence (D:2)
  An iguana (D:6)
  2 worker ants
  A hound zombie (D:6)
  3 hound skeletons
  A worker ant zombie (D:6)
  4 gnolls (D:5)
  13 adders
  5 river rats (Sewer)
  4 oozes
  An adder skeleton (D:7)
  A worm (D:2)
  A dart slug (D:4)
  2 leopard geckos (D:7)
  18 orcs
  12 ball pythons
  6 giant cockroaches
  7 goblins
  5 hobgoblins
  7 jackals
  9 kobolds
  A quokka (D:4)
  3 bats
  8 frilled lizards
  A jackal skeleton (D:6)
  31 rats
191 creatures vanquished.

Notes
Turn   | Place    | Note
-------+----------+-------------------------------------------
     0 | D:1      | Aksej the Octopode Assassin began the quest for the Orb.
     0 | D:1      | Reached XP level 1. HP: 14/14 MP: 1/1
   313 | D:1      | Reached XP level 2. HP: 19/19 MP: 2/2
   804 | D:1      | Gained mutation: You are frail. (-10% HP) [potion of mutation]
   804 | D:1      | Gained mutation: Your flesh is heat resistant. (rF+) [potion of mutation]
   804 | D:1      | Gained mutation: Your natural rate of healing is unusually fast. [potion of mutation]
   858 | D:1      | Lost mutation: You are frail. (-10% HP) [potion of mutation]
   858 | D:1      | Gained mutation: Your magical capacity is low. (-10% MP) [potion of mutation]
   858 | D:1      | Gained mutation: You are somewhat resistant to further mutation. [potion of mutation]
  1008 | D:2      | Reached skill level 6 in Stealth
  1104 | D:2      | Reached XP level 3. HP: 21/24 MP: 2/2
  1163 | D:2      | Found a hazy altar of Hepliaklqana.
  1306 | D:2      | Noticed Terence
  1310 | D:2      | Killed Terence
  1310 | D:2      | Reached skill level 7 in Stealth
  1310 | D:2      | Reached XP level 4. HP: 30/30 MP: 3/3
  1582 | D:3      | Reached XP level 5. HP: 26/35 MP: 4/4
  1828 | D:3      | Reached skill level 8 in Stealth
  2387 | D:4      | Reached skill level 5 in Fighting
  2387 | D:4      | Reached skill level 5 in Dodging
  2387 | D:4      | Reached skill level 10 in Stealth
  2387 | D:4      | Reached XP level 6. HP: 46/46 MP: 5/5
  2455 | D:4      | Reached skill level 11 in Stealth
  2567 | D:4      | Found a staircase to the Ecumenical Temple.
  2573 | Temple   | Entered the Ecumenical Temple
  2651 | Temple   | Became a worshipper of Uskayaw the Reveler
  2870 | D:4      | Reached * piety under Uskayaw
  2871 | D:4      | Reached XP level 7. HP: 51/51 MP: 6/6
  2903 | D:4      | Reached ** piety under Uskayaw
  2908 | D:4      | Reached *** piety under Uskayaw
  2917 | D:4      | Reached **** piety under Uskayaw
  2922 | D:4      | Reached ***** piety under Uskayaw
  3112 | D:5      | Entered Level 5 of the Dungeon
  3128 | D:5      | Found a stormy altar of Qazlal.
  3155 | D:5      | Found a glowing drain.
  3186 | Sewer    | Entered a sewer
  3491 | D:5      | Reached XP level 8. HP: 57/57 MP: 7/7
  3583 | D:5      | Found a white marble altar of Elyvilon.
  3584 | D:5      | Found a snail-covered altar of Cheibriados.
  3585 | D:5      | Found a radiant altar of Vehumet.
  4048 | D:5      | Lost mutation: Your natural rate of healing is unusually fast. [potion of mutation]
  4048 | D:5      | Lost mutation: Your magical capacity is low. (-10% MP) [potion of mutation]
  4048 | D:5      | Gained mutation: You are dopey. (Int -2) [potion of mutation]
  4048 | D:5      | Gained mutation: You are partially covered in rugged brown scales. (AC +1, +3% HP) [potion of mutation]
  4590 | D:6      | Reached skill level 12 in Stealth
  4675 | D:6      | Noticed Duvessa
  4675 | D:6      | Noticed Dowan
  4678 | D:6      | Killed Duvessa
  4684 | D:6      | Killed Dowan
  4694 | D:6      | Lost mutation: You are dopey. (Int -2) [potion of mutation]
  4694 | D:6      | Lost mutation: Your flesh is heat resistant. (rF+) [potion of mutation]
  4694 | D:6      | Lost mutation: You are somewhat resistant to further mutation. [potion of mutation]
  4694 | D:6      | Gained mutation: You possess an exceptional clarity of mind. [potion of mutation]
  4694 | D:6      | Gained mutation: You are agile. (Dex +2) [potion of mutation]
  4694 | D:6      | Gained mutation: You are resistant to electric shocks. (rElec) [potion of mutation]
  4915 | D:6      | Reached XP level 9. HP: 63/63 MP: 9/9
  5482 | D:7      | Found Junis's Gadget Shoppe.
  5550 | D:7      | Noticed Joseph
  5553 | D:7      | Killed Joseph
  5749 | D:7      | Lost mutation: You are agile. (Dex +2) [potion of mutation]
  5749 | D:7      | Lost mutation: You are partially covered in rugged brown scales. (AC +1, +3% HP) [potion of mutation]
  5749 | D:7      | Lost mutation: You possess an exceptional clarity of mind. [potion of mutation]
  5749 | D:7      | Lost mutation: You are resistant to electric shocks. (rElec) [potion of mutation]
  5749 | D:7      | Gained mutation: You are dopey. (Int -2) [potion of mutation]
  5749 | D:7      | Gained mutation: Scrolls take you a little longer to read. [potion of mutation]
  5749 | D:7      | Lost mutation: You are dopey. (Int -2) [potion of mutation]
  5900 | D:7      | Found a shadowy altar of Dithmenos.
  5912 | D:7      | Reached skill level 13 in Stealth
  5916 | D:7      | Gained mutation: You are somewhat resistant to further mutation. [mutagenic meat]
  5918 | D:7      | Gained mutation: You have an increased reservoir of magic. (+10% MP) [mutagenic meat]
  5919 | D:7      | Gained mutation: Your muscles are strong. (Str +2) [mutagenic meat]
  6118 | D:8      | Noticed a two-headed ogre
  6120 | D:8      | Killed a two-headed ogre
  6200 | D:8      | Reached XP level 10. HP: 68/68 MP: 11/11
  6220 | D:8      | Lost mutation: Scrolls take you a little longer to read. [potion of mutation]
  6220 | D:8      | Lost mutation: You are somewhat resistant to further mutation. [potion of mutation]
  6220 | D:8      | Lost mutation: Your muscles are strong. (Str +2) [potion of mutation]
  6220 | D:8      | Lost mutation: You have an increased reservoir of magic. (+10% MP) [potion of mutation]
  6220 | D:8      | Gained mutation: One of your tentacles bears a spike. [potion of mutation]
  6220 | D:8      | Gained mutation: Your spells are a little easier to cast, but a little less powerful. [potion of mutation]
  6220 | D:8      | Gained mutation: You are partially covered in thin metallic scales. (AC +2) [potion of mutation]
  6231 | D:8      | Found a staircase to the Lair.
  6265 | D:9      | Reached skill level 14 in Stealth
  6482 | D:8      | Noticed a cyclops
  6508 | D:8      | Killed a cyclops
  6822 | D:8      | Gained mutation: Your magical capacity is low. (-10% MP) [mutagenic meat]
  6830 | D:8      | Lost mutation: Your spells are a little easier to cast, but a little less powerful. [potion of mutation]
  6830 | D:8      | Lost mutation: One of your tentacles bears a spike. [potion of mutation]
  6830 | D:8      | Lost mutation: Your magical capacity is low. (-10% MP) [potion of mutation]
  6830 | D:8      | Gained mutation: You expend magic power (3 MP) to strengthen your wands. [potion of mutation]
  6830 | D:8      | Gained mutation: Your flesh is cold resistant. (rC+) [potion of mutation]
  6913 | D:8      | Found Gockag's Distillery.
  6920 | D:8      | Bought a potion of mutation for 88 gold pieces
  6920 | D:8      | Lost mutation: You are partially covered in thin metallic scales. (AC +2) [potion of mutation]
  6920 | D:8      | Lost mutation: Your flesh is cold resistant. (rC+) [potion of mutation]
  6920 | D:8      | Gained mutation: Potions are less effective at restoring your health. [potion of mutation]
  6920 | D:8      | Gained mutation: You have supernaturally acute eyesight. (SInv) [potion of mutation]
  7029 | D:8      | Mangled by a troll

Vault maps used:
D:1:      co_arrival_two_rings, columned_hall_lemuel
D:2:      old_standard_altar, uniq_terence
D:3:      minivault_19, chequers_big_river
D:4:      minmay_temple_entry_enclosed_plants
D:5:      grunt_temple_overflow_open, nicolae_overflow_crystal_walls,
          first_bread, gup_sewer_entry_glass
D:6:      uniq_duvessa
D:7:      kennysheep_mini_moat, serial_shops, shop, uniq_joseph
D:8:      erik_lair_island, serial_shops, shop, minmay_checkerbox, uniq_pikel
D:9:      minmay_goldmine, minmay_orc_entry_temple_small
Temple:   regret_index_temple_generic_petals
Sewer:    sewer_minmay_w

Skill      XL: |  1  2  3  4  5  6  7  8  9 10 |
---------------+-------------------------------+-----
Stealth        | 6 7 10 11 12 13 14 | 14.4
Short Blades   | 8 9 |  9.6
Fighting       | 5 6 |  6.4
Dodging        | 5 6 |  6.5
Throwing       | |  2.0

Action                   |  1- 3 |  4- 6 |  7- 9 | 10-12 || total
-------------------------+-------+-------+-------+-------++-------
Melee: Dagger            |    45 |   115 |   239 |    75 ||   474
       Constrict         |     8 |    29 |    39 |     6 ||    82
       Tentacles         |     2 |    14 |    37 |    23 ||    76
       Kick              |       |       |       |    17 ||    17
  Use: Scroll            |     8 |     4 |     5 |       ||    17
       Potion            |     3 |     3 |     9 |     6 ||    21
 Stab: Sleeping          |    14 |    10 |    26 |     1 ||    51
       Paralysed         |       |       |    17 |     2 ||    19
       Distracted        |       |       |     3 |       ||     3
  Eat: Chunk             |     1 |     5 |    18 |     2 ||    26
Armor: Skin              |     1 |       |     6 |     3 ||    10
Dodge: Dodged            |    23 |    53 |   185 |    72 ||   333
